 Dungeon Crawl Stone Soup version 0.29.1-1-gd02db6906a (webtiles) character file.

Game seed: 7061738126042148040

46 SINSOJ the Cudgeller (level 3, -3/23 HPs)
             Began as a Tengu Berserker on Oct 21, 2022.
             Was a Believer of Trog.
             Slain by a goblin
             ... wielding a +4 dagger
              (5 damage)
             ... on level 2 of the Dungeon.
             The game lasted 00:05:33 (1933 turns).

SINSOJ the Cudgeller (Tengu Berserker)              Turns: 1933, Time: 00:05:34

Health: -3/23      AC:  2    Str: 19    XL:     3   Next: 68%
Magic:  4/4        EV: 12    Int:  7    God:    Trog [**....]
Gold:   49         SH:  0    Dex: 13    Spells: 2/2 levels left

rFire   + . .      SeeInvis .   a - +0 mace
rCold   x . .      Faith    .   (no shield)
rNeg    . . .      Spirit   .   b - +0 animal skin
rPois   .          Reflect  .   (helmet restricted)
rElec   .          Harm     .   (no cloak)
rCorr   .          Rampage  .   (no gloves)
Will    .....                   (boots unavailable)
Stlth   +.........              (no amulet)
HPRegen 0.07/turn               g - ring of fire
MPRegen 0.09/turn               (no ring)

@: no status effects
A: beak, talons 3
a: Renounce Religion, Berserk, Trog's Hand


You were on level 2 of the Dungeon.
You worshipped Trog.
Trog was pleased with you.
You visited 1 branch of the dungeon, and saw 2 of its levels.

You collected 49 gold pieces.

Inventory:

Hand Weapons
 a - a +0 mace (weapon)
Armour
 b - a +0 animal skin (worn)
 f - a +1 helmet
 j - an orb of energy
Jewellery
 g - a ring of fire (left hand)
Scrolls
 h - a scroll of vulnerability {unknown}
 i - a scroll of blinking {unknown}
 k - 2 scrolls of identify {unknown}
Potions
 c - a potion of curing {unknown}
 d - a potion of resistance {unknown}
 e - a potion of heal wounds {unknown}


   Skills:
 + Level 3.5 Fighting
 + Level 4.1 Maces & Flails
 + Level 2.4 Armour
 + Level 2.7 Dodging


You had 2 spell levels left.
You didn't know any spells.
Your spell library was empty.

Dungeon Overview and Level Annotations

Branches:
Dungeon (2/15)

Altars:

Shops:
D:2 [


Innate Abilities, Weirdness & Mutations

You have a beak for a mouth.
You have claws for feet.


Message History

Trog accepts your kill.
Things that are here:
a +0 dagger; a goblin corpse
Things that are here:
a +0 dagger; a goblin corpse
k - 2 scrolls labelled ESIALIYLAE A bat comes into view.
A bat is nearby!
A bat is nearby!
A bat is nearby!
A goblin comes into view. It is wielding a +4 dagger.
Found a scroll labelled XEGEONIPTE.
The bat hits you but does no damage. The bat barely misses you.
The bat closely misses you.
The goblin shouts!
The bat hits you but does no damage. The bat hits you.
The goblin closely misses you.
A ball python comes into view.
The bat hits you but does no damage. The goblin barely misses you.
The ball python hisses angrily.
The goblin barely misses you. The bat barely misses you. The bat hits you.
The goblin attacks as you move away! The goblin hits you with a +4 dagger.
The bat hits you but does no damage. The goblin closely misses you.
The bat hits you but does no damage. The goblin hits you with a +4 dagger.
The bat closely misses you. The ball python misses you.
The ball python grabs you. The ball python constricts you.
The goblin hits you with a +4 dagger.
You escape the ball python's grasp.
The bat hits you but does no damage. The ball python barely misses you.
The ball python grabs you. The ball python constricts you.
The goblin hits you with a +4 dagger.
* * * LOW HITPOINT WARNING * * *
You escape the ball python's grasp.
The ball python attacks as you move away!
The ball python bites you.
* * * LOW HITPOINT WARNING * * *
The goblin closely misses you. The bat hits you but does no damage.
The goblin attacks as you move away! The goblin hits you with a +4 dagger.
You die...

##..# #..# ... ....
####.. ..# ....###..###
#.........## #
#........... ..## #?
#..b......#.# ...#
#..##.S@......#..###..#
#....g.......# ...#..##
####.........# #.....#
####...##########..#.#
#..[...........##.....
###..###.#####∩.....<.
##.# #...#######.#.#
#.#####.........#..
#....###......####.


You could see a goblin, a bat and a ball python.

Vanquished Creatures
  3 dart slugs (D:1)
  6 endoplasms
  3 giant cockroaches (D:1)
  3 goblins
  3 hobgoblins (D:1)
  2 quokkas (D:1)
  6 ball pythons (D:1)
  6 bats (D:1)
  3 kobolds (D:1)
35 creatures vanquished.

Notes
Turn   | Place    | Note
-------+----------+-------------------------------------------
     0 | D:1      | SINSOJ the Tengu Berserker began the quest for the Orb.
     0 | D:1      | Reached XP level 1. HP: 14/14 MP: 2/2
    20 | D:1      | Found a faded altar of an unknown god.
    31 | D:1      | Reached XP level 2. HP: 12/19 MP: 3/3
   888 | D:1      | Reached XP level 3. HP: 14/23 MP: 4/4
  1095 | D:1      | Reached ** piety under Trog
  1096 | D:1      | Reached skill level 4 in Maces & Flails
  1872 | D:2      | Found Oleus's Armour Emporium.
  1933 | D:2      | Slain by a goblin

Illustrated notes

Levels and vault maps discovered:
D:1:      lightli_iron_boxes, layout_loops_cross, ebering_ecumenical_altar_box
D:2:      layout_rooms, serial_shops, shop, due_unseen_surprise

Skill      XL: |  1  2  3 |
---------------+----------+-----
Maces & Flails | 4 |  4.1
Fighting       | |  3.5
Armour         | |  2.4
Dodging        | |  2.7

Action                   || total
-------------------------++-------
Melee: Mace              ||    72
       Peck              ||     9
       Kick              ||    14
       Punch             ||     2
Invok: Berserk           ||     1
Armor: Animal skin       ||    50
Dodge: Dodged            ||   122
